AoeStats
← Alexspiration

Arena

507276282Analyzed
4v4 RM · 16d ago on Sep 17, 2026· 52m 32s· 8 players
Game mode
Random Map
Map size
Large (8 player)
Population
200
Speed
Normal
Resources
Standard
Victory
Conquest
Starting age
Dark Age
Ending age
Imperial Age
RankedLock teamsTeams togetherTeam positionsShared explorationLock speedFull tech treeHidden civsTurbo modeCheats
Victory
Defeat
🇨🇴 Mongols · Colombia
1555
+13
🇩🇪 Burgundians · Germany
1452
+17
🇩🇪 Koreans · Germany
1360
+20
🇳🇿 Portuguese · New Zealand
1304
+23
🇹🇼 Slavs · Taiwan
1495
-19
🇹🇼 Italians · Taiwan
1480
-19
🇨🇳 Vietnamese · China
1455
-18
🇨🇳 Mongols · China
1432
-17
谢por
10:09 Feudal Age
13:50 Castle Age
12:16 Double-Bit Axe
20:20 Horse Collar
22:24 Bow Saw
24:01 Wheelbarrow
23:56 Heavy Plow
24:21 Gold Mining
25:10 Hand Cart
25:15 Loom
26:20 Bloodlines
26:10 Husbandry
27:36 Scale Barding Armor
31:12 Imperial Age
29:16 Forging
29:11 Stone Mining
30:03 Chain Barding Armor
31:12 Elite Steppe Lancer
32:35 Iron Casting
35:38 Gold Shaft Mining
35:39 Stone Shaft Mining
36:05 Light Cavalry
38:08 Blast Furnace
37:53 Fletching
38:03 Padded Archer Armor
38:59 Light Cavalry
40:38 Hussar
你好骚啊
10:24 Feudal Age
12:18 Wheelbarrow
11:28 Town Watch
11:59 Double-Bit Axe
12:02 Horse Collar
14:37 Castle Age
15:43 Bow Saw
20:01 Wheelbarrow
19:30 Stone Mining
21:54 Hand Cart
23:18 Loom
23:51 Gold Mining
24:04 Fletching
27:46 Imperial Age
25:24 Scale Mail Armor
26:27 Padded Archer Armor
28:18 Stone Shaft Mining
27:47 Heavy Plow
28:07 Leather Archer Armor
28:35 Ballistics
29:23 Scale Mail Armor
30:25 Bodkin Arrow
30:46 Chain Mail Armor
31:02 Squires
30:47 Arson
30:28 Pikeman
30:54 Arson
31:23 Halberdier
32:16 Forging
33:01 Plate Mail Armor
33:33 Iron Casting
33:22 Bracer
34:17 Ring Archer Armor
34:35 Crop Rotation
37:54 Chemistry
36:47 Elite Skirmisher
37:33 Thumb Ring
38:21 Paper Money
37:38 Imperial Skirmisher
44:40 Scale Barding Armor
45:32 Coinage
Captain Jack Sparrow
9:38 Feudal Age
10:31 Double-Bit Axe
12:13 Horse Collar
14:35 Castle Age
16:04 Bow Saw
15:56 Stone Mining
17:07 Wheelbarrow
16:58 Town Watch
20:18 Loom
20:28 Gold Mining
25:22 Imperial Age
23:14 Fletching
24:38 Bodkin Arrow
27:12 Chemistry
26:45 Hand Cart
27:28 Conscription
27:35 Bracer
28:13 Ballistics
29:28 Padded Archer Armor
29:37 Thumb Ring
33:27 Leather Archer Armor
38:34 Elite Genoese Crossbowman
39:43 Silk Road
41:31 Coinage
41:04 Caravan
44:12 Ring Archer Armor
Benjamin
10:40 Feudal Age
15:03 Castle Age
13:09 Double-Bit Axe
13:30 Horse Collar
16:03 Bow Saw
15:55 Heavy Plow
17:37 Wheelbarrow
19:23 Loom
19:23 Town Watch
22:44 Hand Cart
24:17 Gold Mining
27:27 Imperial Age
25:30 Scale Mail Armor
25:40 Forging
26:22 Gold Shaft Mining
25:57 Stone Mining
25:37 Pikeman
26:17 Squires
27:06 Chain Mail Armor
28:23 Iron Casting
28:36 Conscription
27:45 Halberdier
29:43 Plate Mail Armor
29:00 Capped Ram
31:26 Blast Furnace
30:09 Siege Ram
31:36 Onager
34:25 Chemistry
33:58 Siege Onager
36:29 Siege Engineers
36:35 Masonry
36:45 Ballistics
41:55 Two-Man Saw
43:36 Fletching
43:52 Scale Barding Armor
46:08 Chain Barding Armor
45:43 Bodkin Arrow
47:19 Cavalier
48:09 Bloodlines
47:59 Husbandry
Marabu
2:11 Loom
10:29 Feudal Age
11:27 Double-Bit Axe
16:38 Castle Age
14:37 Horse Collar
15:44 Stone Mining
16:33 Gold Mining
17:20 Wheelbarrow
17:28 Bow Saw
19:24 Hand Cart
19:55 Fletching
23:03 Gold Shaft Mining
30:42 Imperial Age
29:22 Eupseong
29:20 Bodkin Arrow
30:31 Stone Shaft Mining
29:59 Heavy Plow
31:01 Masonry
32:31 Chemistry
33:00 Two-Man Saw
32:36 Bracer
32:49 Town Watch
33:50 Architecture
34:44 Thumb Ring
35:06 Guilds
34:51 Elite Skirmisher
36:08 Treadmill Crane
36:25 Murder Holes
37:26 Ballistics
38:32 Town Patrol
41:22 Arrowslits
41:43 Siege Engineers
43:06 Conscription
44:26 Coinage
43:56 Caravan
47:46 Banking
EL TIGRE ABELARDO
10:47 Feudal Age
11:26 Double-Bit Axe
11:55 Horse Collar
14:36 Castle Age
14:17 Wheelbarrow
15:46 Bow Saw
15:39 Heavy Plow
20:32 Hand Cart
21:43 Gold Mining
22:26 Stone Mining
25:54 Stone Shaft Mining
25:55 Gold Shaft Mining
25:08 Loom
29:39 Imperial Age
27:03 Fletching
27:27 Scale Barding Armor
27:45 Ballistics
27:33 Town Watch
28:01 Bodkin Arrow
28:36 Bloodlines
28:38 Padded Archer Armor
28:58 Chain Barding Armor
29:10 Thumb Ring
29:06 Husbandry
29:52 Leather Archer Armor
30:27 Bracer
31:29 Chemistry
30:58 Parthian Tactics
30:38 Elite Mangudai
34:20 Coinage
33:53 Town Patrol
34:27 Forging
33:39 Light Cavalry
36:08 Banking
36:15 Conscription
36:40 Caravan
37:18 Capped Ram
39:12 Siege Ram
40:10 Masonry
40:06 Siege Engineers
39:35 Onager
42:06 Siege Onager
44:42 Iron Casting
45:35 Hussar
47:16 Blast Furnace
53:01 Drill
Alexspiration
10:04 Feudal Age
8:39 Double-Bit Axe
15:03 Castle Age
13:59 Bow Saw
13:30 Horse Collar
14:26 Heavy Plow
15:33 Gold Mining
17:21 Wheelbarrow
22:04 Hand Cart
26:15 Imperial Age
23:48 Stone Mining
23:58 Loom
23:58 Town Watch
24:38 Forging
24:34 Scale Barding Armor
25:43 Crop Rotation
26:10 Iron Casting
26:13 Chain Barding Armor
27:16 Two-Man Saw
25:41 Cavalier
26:22 Husbandry
27:06 Paladin
28:24 Plate Barding Armor
28:49 Blast Furnace
29:02 Masonry
30:17 Conscription
30:04 Burgundian Vineyards
34:35 Chemistry
34:06 Architecture
33:41 Light Cavalry
34:41 Hussar
35:25 Fletching
36:49 Ballistics
36:27 Bodkin Arrow
38:14 Treadmill Crane
38:45 Fortified Wall
40:23 Bracer
40:33 Murder Holes
Zacchaeus
11:48 Feudal Age
12:26 Horse Collar
12:33 Double-Bit Axe
12:39 Gold Mining
13:27 Loom
16:13 Castle Age
20:53 Imperial Age
19:04 Stone Mining
20:23 Stone Shaft Mining
28:23 Chemistry
28:12 Wheelbarrow
27:52 Town Watch
28:36 Guilds
30:09 Bombard Tower
30:38 Fletching
31:07 Bodkin Arrow
33:58 Bracer
38:01 Masonry
43:34 Murder Holes
46:37 Fortified Wall
53:18 Bow Saw
Connection lost

Rejoining the realm…

Still unreachable

The connection could not be restored.

Session expired

The server has moved on; the page needs a fresh start.